 Dungeon Crawl Stone Soup version 0.30-a0-782-ge64f9170bb (webtiles) character file.

Game seed: 17276134782133921

301 vineage the Covered (level 6, -4/58 HPs)
             Began as a Gargoyle Fighter on Mar 16, 2023.
             Slain by Blork the orc
             ... wielding a +0 glaive
              (6 damage)
             ... on level 4 of the Dungeon.
             The game lasted 00:02:56 (2690 turns).

vineage the Covered (Gargoyle Fighter)              Turns: 2690, Time: 00:02:57

Health: -4/58      AC: 16    Str: 18 (19) XL:     6   Next: 37%
Magic:  6/6        EV:  9    Int: 13 (15) God:
Gold:   240        SH:  4    Dex: 10 (11) Spells: 5/5 levels left

rFire   . . .      SeeInvis .    a - +0 flail (vamp)
rCold   . . .      Faith    .    c - +0 buckler
rNeg    + . .      Spirit   .    b - +0 scale mail
rPois   ∞          Reflect  .    (no helmet)
rElec   +          Harm     .    g - +1 cloak
rCorr   .          Rampage  .    (no gloves)
Will    .....                    o - +1 pair of boots Stlth
                                 (no amulet)
HPRegen 0.29/turn                k - +6 ring of intelligence
MPRegen 0.10/turn                (no ring)

@: mighty, berserking, very quick
A: sickness immunity, AC +4, negative energy resistance 1, electricity
resistance, torment resistance 1, petrification resistance
a: no special abilities


You were on level 4 of the Dungeon.
You visited 1 branch of the dungeon, and saw 4 of its levels.

You collected 240 gold pieces.

Inventory:

Hand Weapons
 a - a +0 vampiric flail (weapon)
Armour
 b - a +0 scale mail (worn)
 c - a +0 buckler (worn)
 g - a +1 cloak (worn)
 o - a +1 pair of boots (worn)
Jewellery
 j - an amulet of guardian spirit
 k - a +6 ring of intelligence (left hand)
 q - a ring of ice
Scrolls
 e - 2 scrolls of fear
 m - a scroll of fog
 n - a scroll of blinking
 p - a scroll of acquirement {unknown}
Potions
 d - a potion of might
 f - 2 potions of brilliance
 i - 2 potions of degeneration
 l - 2 potions of cancellation


   Skills:
 + Level 4.4 Fighting
 * Level 4.4 Maces & Flails
 + Level 4.4 Armour
 + Level 4.4 Shields


You had 5 spell levels left.
You didn't know any spells.
Your spell library contained the following spells:

 Spells                   Type           Power      Damage    Failure   Level
 Animate Dead             Necr           0%         N/A       100%        4
 Borgnjor's Vile Clutch   Necr/Erth      0%         N/A       100%        5
 Death Channel            Necr           0%         N/A       100%        6


Dungeon Overview and Level Annotations

Branches:
Dungeon (4/15)
 Temple: D:4-7

Altars:
Qazlal
Vehumet

Shops:
D:2 :*

Annotations:
D:4 Blork the orc


Innate Abilities, Weirdness & Mutations

You are immune to sickness and miasma.
Your stone body is resilient. (AC +4)
You are immune to poison.
You resist negative energy. (rN+)
You are resistant to electric shocks. (rElec)
You are resistant to unholy torment.
You are immune to petrification.


Message History

You are too injured to fight recklessly!
You are too injured to fight recklessly!
You are too injured to fight recklessly!
You are too injured to fight recklessly!
You feel very mighty all of a sudden.
Blork the orc hits you with a +0 glaive!
* * * LOW HITPOINT WARNING * * *
You sock Blork the orc!
You feel better.
Blork the orc is moderately wounded.
Blork the orc barely misses you.
Blork the orc hits you with a +0 glaive!
* * * LOW HITPOINT WARNING * * *
You hit Blork the orc.
You feel better.
Blork the orc is moderately wounded.
You block Blork the orc's attack. Blork the orc closely misses you.
It was a potion of degeneration.
There was something very wrong with that liquid.
You feel weakened.
You feel dopey.
You feel clumsy.
Blork the orc points at you and mumbles some strange words.
The magic dart hits you but does no damage.
It was a potion of curing.
You feel better. Blork the orc closely misses you. Blork the orc misses you.
You barely miss Blork the orc.
Blork the orc is moderately wounded.
Blork the orc hits you with a +0 glaive!
* * * LOW HITPOINT WARNING * * *
Blork the orc screams, "I'll break your legs!"
Blork the orc points at you and mumbles some strange words.
The magic dart hits you.
* * * LOW HITPOINT WARNING * * *
A red film seems to cover your vision as you go berserk!
You feel yourself moving faster!
You feel mighty! Blork the orc misses you.
You closely miss Blork the orc.
Blork the orc is moderately wounded.
Blork the orc hits you with a +0 glaive.
* * * LOW HITPOINT WARNING * * *
You barely miss Blork the orc.
Blork the orc is moderately wounded.
Blork the orc hits you with a +0 glaive.
You die...

#.≈.♣.♣♣♣.≈.#.#
#.≈.......≈.#.#########
##.≈≈≈.≈≈§≈≈......#..#.#
##......................
#####.......#..$...?....
# #.......+........... #
#.......#.........
#########...# #..o.#
#.#..#.##'#####.@..#
.......'.....#.....#
.......#.....#.....#
.......#.....'.....#
..##...#.....#.....#
####...###...###...#
..##...###...#####+#
...'....#.....#
...#....#.....#


You could see Blork the orc (fast).

Vanquished Creatures
  A scorpion (D:4)
  A hound (D:4)
  Crazy Yiuf (D:2)
  An iguana (D:4)
  2 orc wizards (D:3)
  2 adders
  2 worms (D:2)
  A dart slug (D:1)
  7 orcs
  5 ball pythons
  6 bats
  7 endoplasms
  4 giant cockroaches (D:3)
  5 goblins
  12 hobgoblins
  A quokka (D:2)
  3 frilled lizards
  8 kobolds
  7 rats
76 creatures vanquished.

Notes
Turn   | Place    | Note
-------+----------+-------------------------------------------
     0 | D:1      | vineage the Gargoyle Fighter began the quest for the Orb.
     0 | D:1      | Reached XP level 1. HP: 14/14 MP: 1/1
    81 | D:1      | You fall into a shaft and drop 1 floor!
   164 | D:1      | Reached XP level 2. HP: 19/19 MP: 2/2
   203 | D:1      | Found a faded altar of an unknown god.
   388 | D:1      | Reached XP level 3. HP: 19/23 MP: 3/3
   939 | D:2      | Found Zeptuen's Vocational Training.
   988 | D:2      | Found a runed translucent door.
   989 | D:2      | Noticed Crazy Yiuf
  1041 | D:2      | Found Boletir's General Store.
  1405 | D:2      | Reached XP level 4. HP: 29/29 MP: 4/4
  1478 | D:2      | Found a stormy altar of Qazlal.
  1632 | D:2      | Killed Crazy Yiuf
  2108 | D:3      | Reached XP level 5. HP: 33/33 MP: 5/5
  2570 | D:4      | Found a radiant altar of Vehumet.
  2634 | D:4      | Reached XP level 6. HP: 37/39 MP: 6/6
  2672 | D:4      | Noticed Blork the orc
  2683 | D:4      | HP: 1/39 [Blork the orc/+0 glaive (11)]
  2689 | D:4      | HP: 2/58 [Blork the orc/+0 glaive (3)]
  2690 | D:4      | Slain by Blork the orc

Illustrated notes

Levels and vault maps discovered:
D:1:      giann_forest_graveyard, layout_basic,
          ebering_ecumenical_altar_sacrificial, dreamdust_princess_bridge
D:2:      layout_basic, serial_shops, nicolae_shop_crystal, basic_altar,
          nicolae_shop_vocational, uniq_crazy_yiuf_cottage
D:3:      layout_loops_cross
D:4:      layout_gridville, mainiacjoe_overflow_brackets, temple_green,
          uniq_edmund, uniq_blork_the_orc

Skill      XL: |  1  2  3  4  5 |
---------------+----------------+-----
Maces & Flails | 3 4 |  4.4
Fighting       | 4 |  4.4
Armour         | 4 |  4.4
Shields        | 4 |  4.4

Action                     |  1- 3 |  4- 6 || total
---------------------------+-------+-------++-------
  Melee: Flail             |   120 |   141 ||   261
    Use: Scroll            |     7 |     2 ||     9
         Potion            |       |     6 ||     6
 Armour: Scale mail        |    60 |    80 ||   140
  Dodge: Dodged            |    55 |    58 ||   113
  Block: Buckler           |    32 |    34 ||    66

Table legend: (Time is in decaauts)
 A = Elapsed time spent in this place.
 B = Non-inter-level travel time spent in this place.
 C = Inter-level travel time spent in this place.
 D = Time resting spent in this place.
 E = Time spent auto-exploring this place.
 F = Levels seen in this place.
 G = Mean time per level.
                   A        B        C        D        E       F      G
               +--------+--------+--------+--------+--------+-----+--------+
         Total |   2770 |   2676 |     94 |     98 |   1989 |   4 |  692.5 |
       Dungeon |   2770 |   2676 |     94 |     98 |   1989 |   4 |  692.5 |
               +--------+--------+--------+--------+--------+-----+--------+

Top non-repeatable levels by time:
     D:2: 1108 daAuts
     D:1: 690 daAuts
     D:3: 666 daAuts
     D:4: 305 daAuts
